Description

Timing Attack

Replay - Build Order

Build Order

Get SALT Encoding   

  12  0:00  Probe  
  13  0:12  Probe  
  14  0:18  Pylon  
  14  0:25  Probe  
  15  0:37  Probe (Chrono Boost)  
  15  0:38  Gateway  
  16  0:48  Probe (Chrono Boost)  
  17  0:54  Probe (Chrono Boost)  
  18  0:58  Assimilator x2  
  18  1:04  Probe  
  19  1:25  Cybernetics Core  
  19  1:28  Pylon  
  19  1:33  Probe  
  20  1:45  Probe  
  21  1:47  Zealot  
  23  1:57  Probe  
  23  1:58  Warp Gate (Chrono Boost)  
  25  2:17  Stalker  
  25  2:20  Nexus  
  28  2:29  Pylon  
  28  2:41  Gateway  
  29  2:56  Stalker  
  31  3:08  Forge  
  31  3:13  Forge  
  34  3:45  Protoss Ground Weapons Level 1, Protoss Ground Armor Level 1  
  34  3:46  Stalker  
  34  3:47  Zealot  
  39  3:57  Robotics Facility  
  41  4:11  Pylon  
  41  4:13  Stalker  
  41  4:14  Sentry  
  48  4:35  Gateway x3  
  48  4:45  Sentry x2  
  52  4:50  Observer  
  57  5:03  Assimilator x2  
  57  5:11  Zealot x2  
  61  5:16  Pylon  
  61  5:25  Robotics Bay  
  61  5:36  Stalker x2  
  61  5:37  Zealot  
  61  5:38  Sentry  
  73  6:07  Colossus (Chrono Boost)  
  73  6:08  Zealot x3  
  81  6:14  Extended Thermal Lance (Chrono Boost)  
  88  6:32  Zealot x2, Twilight Council  
  88  6:35  Stalker  
  94  7:08  Charge  
  94  7:15  Immortal  
  98  7:18  Protoss Ground Weapons Level 2  
  100  7:32  Protoss Ground Armor Level 2  
  100  7:34  Nexus  
  100  7:37  Gravitic Boosters (Chrono Boost)  
  104  8:00  Colossus (Chrono Boost)  
  104  8:03  Protoss Air Weapons Level 1  
  123  8:29  Gateway x3  
  123  8:34  Gateway  
  125  8:51  Blink  
  126  8:56  Colossus  
  126  9:00  Sentry x2  
  110  9:33  Stalker x3  
  124  10:02  Warp Prism  
  125  10:38  Observer  
  125  10:41  Sentry x2  
Spawning Tool Build Advisor. Get it on Overwolf

Go to:

Details

  • Created by: Temple46
  • Published on: Mar 27, 2020
  • Modified on: Mar 27, 2020
  • Patch: 4.11.0
Show
View Real Time Build Order
Export as new Build Order

Comments (0)

There are no comments. Be the first!

Create an account to comment!